 Dungeon Sprint DCSS version 0.31-a0-256-g80acddb972 (webtiles) character file.

Game seed: 1146169525425652475

1664 Conn the Arsonist (level 9, -1/54 HPs)
             Began as an Octopode Fire Elementalist on July 13, 2023.
             Was a Follower of Sif Muna.
             Killed from afar by an electric eel (15 damage)
             ... with a bolt of electricity
             ... in the Dungeon (Sprint II: "The Violet Keep of Menkaure").
             The game lasted 00:03:30 (465 turns).

Conn the Arsonist (Octopode Fire Elementalist)       Turns: 465, Time: 00:03:30

Health: -1/54      AC:  1    Str:  7    XL:     9   Next: 1%
Magic:  8/23       EV: 15    Int: 22    God:    Sif Muna [*.....]
Gold:   459        SH:  0    Dex: 12    Spells: 18/28 levels left

rFire   . . .        (no weapon)
rCold   . . .        (no shield)
rNeg    . . .        (helmet restricted)
rPois   .            (no amulet)
rElec   .            (no ring)
rCorr   .            (no ring)
SInv    .            (no ring)
Will    .....        (no ring)
Stlth   +++++        (no ring)
HPRegen 0.29/turn    (no ring)
MPRegen 0.18/turn    (no ring)
                     (no ring)

%: no teleportation
@: no status effects
A: almost no armour, amphibious, 8 rings, camouflage 1, gelatinous body 1,
nimble swimmer 1, tentacles
a: Renounce Religion, Channel Magic


You were in the Dungeon.
You worshipped Sif Muna.
Sif Muna was aware of your devotion.
You visited 1 branch You collected 459 gold pieces.

Inventory:

Scrolls
 f - a scroll of blinking
Potions
 a - 3 potions of magic
 b - a potion of curing
 c - a potion of heal wounds
 d - a potion of haste


   Skills:
 + Level 1.7 Fighting
 + Level 6.0 Dodging
 - Level 7.1 Stealth
 - Level 0.9 Unarmed Combat
 * Level 10.0 Spellcasting
 * Level 5.2 Conjurations
 + Level 13.0 Fire Magic
 * Level 5.1 Invocations


You had 18 spell levels left.
You knew the following spells:

 Your Spells              Type           Power      Damage    Failure   Level
a - Foxfire               Conj/Fire      100%       2x1d9     1%          1
b - Scorch                Fire           100%       2d9       1%          2
c - Inner Flame           Hex/Fire       39%        N/A       1%          3
d - Flame Wave            Conj/Fire      50%        2d12      1%          4

Your spell library contained the following spells:

 Spells                   Type           Power      Damage    Failure   Level
 Volatile Blastmotes      Fire/Tloc      78%        2d16      1%          3


Dungeon Overview and Level Annotations

Branches:
Dungeon (1/1)

Altars:
Cheibriados
Dithmenos
Elyvilon
Fedhas
Gozag
Hepliaklqana
Kikubaaqudgha
Makhleb
Nemelex Xobeh
Okawaru
Qazlal
Ru
Sif Muna
Trog
Uskayaw
Vehumet
Wu Jian
Xom
Yredelemnul
Zin
The Shining One
Jiyva
Lugonu


Innate Abilities, Weirdness & Mutations

You cannot wear most types of armour.
You are amphibious.
You can wear up to eight rings at the same time.
Your skin changes colour to match your surroundings (Stealth+).
Your rubbery body absorbs attacks. (AC +1, EV +1)
You are camouflaged when in or above water. (Stealth+)
You have tentacles for arms and can constrict up to eight enemies at once.


Message History

The troll leather armour is intact enough to wear.
Your Dodging skill increases to level 6!
Your Spellcasting skill gained 2 levels and is now at level 10!
Your Conjurations skill increases to level 5!
Your Fire Magic skill increases to level 13!
Your Invocations skill gained 2 levels and is now at level 5!
You have reached level 9!
Your experience leads to an increase in your attributes!
Increase (S)trength, (I)ntelligence, or (D)exterity?
You feel clever. x2
Unknown command.
Unknown command.
You are engulfed in a cloud of scalding steam.
Things that are here:
a +0 troll leather armour; a deep troll corpse
Found 27 gold pieces.
There is an open door here.
You now have 270 gold pieces (gained 27).
You now have 297 gold pieces (gained 27).
You now have 324 gold pieces (gained 27).
You now have 351 gold pieces (gained 27).
You now have 378 gold pieces (gained 27).
You now have 405 gold pieces (gained 27).
You now have 432 gold pieces (gained 27).
You now have 459 gold pieces (gained 27).
Okay, then.
Unknown command.
There is an open door here.
You enter the deep water.
Okay, then.
Unknown command.
You open the door.
The electric eel shoots out a bolt of lightning at you!
The bolt of electricity hits you! x2
The electric eel shoots out a bolt of lightning at you!
The bolt of electricity misses the electric eel.
The bolt of electricity hits you!
* * * LOW HITPOINT WARNING * * *
The bolt of electricity hits you!
You die...

~~~~~~≈§≈≈~~~#_._._._.#~~~§§≈#.
+++#~≈≈≈≈§≈≈~#._._._..#~~[§~≈'.
##≈≈§###≈≈#_._._...#~~~~≈~#.
##≈≈ #§§#._._....#~~≈≈≈≈▓.
≈#+#§§#S._.....#~≈≈÷▓▓▓▓
≈≈≈§§§##########~≈≈≈▓zz.
#######~~~~~~~§§≈≈§§▓zz.
≈≈≈≈###~########≈▓▓▓▓▓▓▓
S≈≈≈≈##@# #▓▓ S§S≈S≈'~#
S§§≈S#### §§≈≈# ####


You could see a water moccasin and 6 electric eels.

Vanquished Creatures
  2 deep trolls (D)
  Menkaure (D)
  3 water moccasins (D)
  4 necrophages (D)
10 creatures vanquished.

Vanquished Creatures (others)
  41 foxfires (D)
  8 tentacles (D)
49 creatures vanquished.

Grand Total: 59 creatures vanquished

Notes
Turn   | Place    | Note
-------+----------+-------------------------------------------
     0 | D        | Conn the Octopode Fire Elementalist began the quest for the
                  | Orb.
     0 | D        | Reached XP level 1. HP: 11/11 MP: 3/3
     1 | D        | Noticed a scorpion
     1 | D        | Noticed a scorpion
     1 | D        | Noticed a scorpion
     1 | D        | Noticed a scorpion
     7 | D        | Noticed a necrophage
     7 | D        | Noticed a necrophage
     7 | D        | Noticed a necrophage
     7 | D        | Noticed a necrophage
    13 | D        | Killed a necrophage
    14 | D        | Reached skill level 6 in Fire Magic
    14 | D        | Reached XP level 2. HP: 9/17 MP: 3/6
    14 | D        | Reached XP level 3. HP: 11/21 MP: 4/8
    14 | D        | Reached XP level 4. HP: 14/27 MP: 4/9
    15 | D        | Killed a necrophage
    16 | D        | Reached skill level 7 in Fire Magic
    16 | D        | Reached XP level 5. HP: 17/31 MP: 4/11
    23 | D        | Reached skill level 5 in Stealth
    23 | D        | Reached skill level 9 in Fire Magic
    26 | D        | Reached skill level 5 in Spellcasting
    26 | D        | Reached XP level 6. HP: 8/36 MP: 4/14
    35 | D        | Learned a level 2 spell: Scorch
    39 | D        | Learned a level 3 spell: Inner Flame
    44 | D        | Learned a level 4 spell: Flame Wave
    49 | D        | Noticed a boulder beetle
    49 | D        | Noticed a boulder beetle
    57 | D        | Noticed Menkaure
    60 | D        | Killed Menkaure
    61 | D        | Reached skill level 5 in Dodging
    61 | D        | Reached skill level 10 in Fire Magic
    62 | D        | Found a glowing silver altar of Zin.
    62 | D        | Found a radiant altar of Vehumet.
    63 | D        | Found a glowing golden altar of the Shining One.
    63 | D        | Found a basalt altar of Yredelemnul.
    63 | D        | Found a hide-covered altar of Uskayaw.
    63 | D        | Found a sparkling altar of Nemelex Xobeh.
    64 | D        | Found a shimmering altar of Xom.
    64 | D        | Found a bloodstained altar of Trog.
    64 | D        | Found a burning altar of Makhleb.
    65 | D        | Found an ornate altar of the Wu Jian Council.
    65 | D        | Found a shimmering blue altar of Sif Muna.
    65 | D        | Found a corrupted altar of Lugonu.
    65 | D        | Found a blossoming altar of Fedhas.
    66 | D        | Found a sacrificial altar of Ru.
    66 | D        | Found an ancient bone altar of Kikubaaqudgha.
    66 | D        | Found a white marble altar of Elyvilon.
    67 | D        | Found a stormy altar of Qazlal.
    67 | D        | Found a viscous altar of Jiyva.
    67 | D        | Found a shadowy altar of Dithmenos.
    68 | D        | Found a hazy altar of Hepliaklqana.
    68 | D        | Found a snail-covered altar of Cheibriados.
    71 | D        | Found an opulent altar of Gozag.
    71 | D        | Found an iron altar of Okawaru.
    73 | D        | Noticed a water moccasin
    74 | D        | Became a worshipper of Sif Muna the Loreminder
    81 | D        | Noticed a water moccasin
    85 | D        | Noticed a water moccasin
    85 | D        | Noticed a kraken
   100 | D        | Killed a water moccasin
   101 | D        | Reached skill level 11 in Fire Magic
   101 | D        | Reached XP level 7. HP: 35/42 MP: 5/16
   103 | D        | Reached skill level 1 in Fighting
   141 | D        | Noticed a flying skull
   142 | D        | Noticed a flying skull
   142 | D        | Noticed a flying skull
   143 | D        | Noticed a flying skull
   143 | D        | Noticed a flying skull
   144 | D        | Noticed a flying skull
   150 | D        | Reached * piety under Sif Muna
   151 | D        | Reached skill level 1 in Invocations
   262 | D        | Noticed a deep troll
   262 | D        | Noticed a deep troll
   277 | D        | Killed a deep troll
   278 | D        | Reached skill level 12 in Fire Magic
   278 | D        | Reached XP level 8. HP: 49/49 MP: 0/20
   422 | D        | Killed a deep troll
   423 | D        | Reached skill level 10 in Spellcasting
   423 | D        | Reached skill level 5 in Conjurations
   423 | D        | Reached skill level 13 in Fire Magic
   423 | D        | Reached skill level 5 in Invocations
   423 | D        | Reached XP level 9. HP: 42/54 MP: 0/23
   465 | D        | Killed from afar by an electric eel

Illustrated notes

Levels and vault maps discovered:
D:        the_violet_keep_of_menkaure [sprint2_stairs_cluster_1,
          sprint2_shoproom, sprint2_temple, sprint2_basic_supplies,
          sprint2_obstacle_5, sprint2_obstacle_7, sprint2_obstacle_2,
          sprint2_obstacle_1, sprint2_obstacle_3, sprint2_timed_cluster_1,
          sprint2_smallroom_cluster_1, sprint2_smallroom_final_cluster_1,
          sprint2_transparent_cluster_1, sprint2_second_timed_cluster_1,
          sprint2_sniper_area_1, sprint2_heavy_combat_area_1,
          sprint2_mutation_trap_area_1, sprint2_forest_area_1,
          sprint2_light_combat_area_1, sprint2_behind_water_1,
          sprint2_near_end_vault_1]

Skill      XL: |  1  2  3  4  5  6  7  8 |
---------------+-------------------------+-----
Dodging        | 3 4 5 6 |  6.0
Stealth        | 4 5 6 7 |  7.1
Spellcasting   | 3 4 5 6 8 10 | 10.0
Fire Magic     | 6 7 9 11 12 13 | 13.0
Conjurations   | 2 4 5 |  5.2
Fighting       | 1 |  1.7
Invocations    | 3 5 |  5.1
Unarmed Combat | |  0.9

Action                     |  1- 3 |  4- 6 |  7- 9 || total
---------------------------+-------+-------+-------++-------
  Melee: Unarmed           |     5 |    11 |       ||    16
         Constrict         |     1 |     3 |       ||     4
         Tentacles         |       |     4 |       ||     4
   Cast: Scorch            |       |     4 |    16 ||    20
         Foxfire           |       |     3 |    23 ||    26
    Use: Potion            |     1 |       |       ||     1
 Armour: Skin              |       |       |     1 ||     1
  Dodge: Dodged            |       |     4 |     3 ||     7

Table legend: (Time is in decaauts)
 A = Elapsed time spent in this place.
 B = Non-inter-level travel time spent in this place.
 C = Inter-level travel time spent in this place.
 D = Time resting spent in this place.
 E = Time spent auto-exploring this place.
 F = Levels seen in this place.
 G = Mean time per level.
                   A        B        C        D        E       F      G
               +--------+--------+--------+--------+--------+-----+--------+
         Total |    468 |    468 |      0 |    239 |      0 |   1 |  468.0 |
       Dungeon |    468 |    468 |      0 |    239 |      0 |   1 |  468.0 |
               +--------+--------+--------+--------+--------+-----+--------+

Top non-repeatable levels by time:
       D: 468 daAuts
